 Dungeon Crawl Stone Soup version 0.26-a0-667-g92642533e4 (webtiles) character file.

Game seed: 14681353362666438257

1293 lunkers the Chopper (level 8, -1/57 HPs)
             Began as an Octopode Fighter on Oct 16, 2020.
             Slain by an iguana (14 damage)
             ... on level 5 of the Dungeon.
             The game lasted 00:08:10 (7316 turns).

lunkers the Chopper (Octopode Fighter)              Turns: 7316, Time: 00:08:10

Health: -1/57      AC:  1    Str: 16    XL:     8   Next: 56%
Magic:  8/8        EV: 12    Int: 11    God:
Gold:   170        SH:  0    Dex: 12    Spells: 7/7 levels left

rFire    . . .     SeeInvis .   a - +0 war axe
rCold    . . .     Faith    .   b - +0 kite shield
rNeg     . . .     Spirit   .   (helmet restricted)
rPois    .         Reflect  .   (no amulet)
rElec    .         Harm     .   r - ring of wizardry
rCorr    .         Rampage  .   w - ring of wizardry
MR       .....                  (no ring)
Stlth    ++........             (no ring)
HPRegen  0.19/turn              (no ring)
MPRegen  0.11/turn              (no ring)
                                (no ring)
                                (no ring)

@: confused
A: almost no armour, stealthy swim, amphibious, 8 rings, constrict 8, camouflage
1, gelatinous body 1
a: no special abilities


You were on level 5 of the Dungeon.
You visited 1 branch of the dungeon, and saw 6 of its levels.

You collected 170 gold pieces.

Inventory:

Hand Weapons
 a - a +0 war axe (weapon)
Armour
 b - a +0 kite shield (worn)
Jewellery
 r - a ring of wizardry (left tentacle)
 w - a ring of wizardry (right tentacle)
Wands
 s - a wand of polymorph (8)
 v - a wand of enslavement (6)
Scrolls
 c - 2 scrolls of noise {unknown}
 d - a scroll of enchant weapon {unknown}
 e - 3 scrolls of teleportation
 h - a scroll of enchant armour {unknown}
 i - 5 scrolls of identify {unknown}
 k - a scroll of amnesia {unknown}
 m - a scroll of fear {unknown}
 n - 3 scrolls of fog {unknown}
 x - a scroll of random uselessness {unknown}
Potions
 f - a potion of flight {unknown}
 g - 2 potions of curing {unknown}
 j - a potion of lignification {unknown}
 l - a potion of resistance {unknown}
 o - a potion of brilliance {unknown}
 p - a potion of heal wounds {unknown}
 q - a potion of haste
 t - a potion of mutation {unknown}
 u - 2 potions of magic {unknown}


   Skills:
 + Level 5.8 Fighting
 * Level 7.4 Axes
 - Level 3.0 Dodging
 + Level 5.8 Shields


You had 7 spell levels left.
You didn't know any spells.
Your spell library was empty.

Dungeon Overview and Level Annotations

Branches:
Dungeon (6/15)
 Temple: D:4-7

Altars:
Yredelemnul

Annotations:
D:5 Edmund, Pikel


Innate Abilities, Weirdness & Mutations

You cannot wear most types of armour.
You are very stealthy in the water. (Stealth+)
You are amphibious.
You can wear up to eight rings at the same time.
You can use your tentacles to constrict eight enemies at once.
Your skin changes colour to match your surroundings (Stealth+).
Your rubbery body absorbs attacks. (AC +1, EV +1)


Message History

You bump into the rock wall.
The iguana closely misses you.
Unknown command.
You miss the iguana. Edmund blinks at you.
You are more confused.
The iguana barely misses you. Edmund blinks at you.
Unknown command.
You bump into the rock wall.
Edmund blinks at you. You resist with some effort. The iguana bites you!
* * * LOW HITPOINT WARNING * * *
Unknown command.
Edmund blinks at you.
You easily resist.
You bump into the rock wall.
Edmund blinks at you.
You are more confused.
The iguana bites you!
You die...

#.####....###...#..#
.........#........# #
.####....#.#..†...# #
.............#...#########
####...$......)..)........
######G####.)..........
#S# #)########### #l# #<#
#@# #.# ##### #.# #.#
#.... #.# #.# #.### ..#
#.#######(# ###
#...[.....# ###########


You could see an iguana, Edmund the golden eye and an adder.

Vanquished Creatures
  Sigmund (D:3)
  Purgy (D:3)
  2 ogres (D:4)
  A gnoll sergeant (D:5)
  A hound (D:6)
  5 orc priests
  A centaur skeleton (D:4)
  Ijyb (D:4)
  3 orc wizards (D:4)
  Natasha (thrice) (D:3)
  A worker ant (D:4)
  Terence (D:3)
  16 gnolls
  10 adders
  A white imp (D:4)
  4 oozes
  An adder skeleton (D:4)
  4 worms
  2 dart slugs
  4 leopard geckos
  11 orcs
  4 bats
  2 giant cockroaches
  5 goblins
  9 hobgoblins
  4 quokkas
  3 ball pythons
  10 frilled lizards
  2 gnoll zombies (D:3)
  7 kobolds
  6 rats
126 creatures vanquished.

Notes
Turn   | Place    | Note
-------+----------+-------------------------------------------
     0 | D:1      | lunkers the Octopode Fighter began the quest for the Orb.
     0 | D:1      | Reached XP level 1. HP: 16/16 MP: 1/1
   110 | D:1      | Reached XP level 2. HP: 21/21 MP: 2/2
   779 | D:1      | Reached XP level 3. HP: 26/26 MP: 3/3
   859 | D:2      | Reached skill level 3 in Axes
  1245 | D:2      | Reached XP level 4. HP: 15/31 MP: 4/4
  2188 | D:3      | Noticed Sigmund
  2194 | D:3      | HP: 1/32 [Sigmund/+1 scythe of freezing (1)]
  2195 | D:3      | Killed Sigmund
  2195 | D:3      | Reached skill level 4 in Axes
  2195 | D:3      | Reached XP level 5. HP: 1/37 MP: 5/5
  2195 | D:3      | Reached XP level 6. HP: 1/43 MP: 6/6
  2730 | D:3      | Found a basalt altar of Yredelemnul.
  3057 | D:3      | Noticed Natasha
  3063 | D:3      | Killed Natasha
  3063 | D:3      | Reached skill level 5 in Axes
  3134 | D:3      | Noticed Terence
  3139 | D:3      | Killed Terence
  3238 | D:3      | Noticed Natasha
  3245 | D:3      | Killed Natasha
  3284 | D:3      | Noticed Natasha
  3288 | D:3      | Killed Natasha
  3437 | D:3      | Reached XP level 7. HP: 44/49 MP: 7/7
  3918 | D:3      | Noticed Purgy
  3925 | D:3      | Killed Purgy
  4861 | D:4      | Reached skill level 5 in Fighting
  4861 | D:4      | Reached skill level 6 in Axes
  4944 | D:4      | Reached skill level 5 in Shields
  5363 | D:4      | Reached XP level 8. HP: 17/55 MP: 8/8
  5584 | D:4      | Noticed Ijyb
  5606 | D:4      | Killed Ijyb
  5622 | D:4      | You fall into a shaft and drop 2 floors!
  5634 | D:5      | Entered Level 5 of the Dungeon
  5638 | D:5      | Noticed Pikel
  6116 | D:4      | Reached skill level 7 in Axes
  7232 | D:5      | Noticed Edmund
  7234 | D:5      | Noticed Edmund
  7234 | D:5      | Edmund changed into Edmund the big kobold
  7235 | D:5      | Noticed Edmund
  7235 | D:5      | Edmund the big kobold changed into Edmund the golden eye
  7316 | D:5      | Slain by an iguana

Illustrated notes

Levels and vault maps discovered:
D:1:      dpeg_arrival_houses_and_road, layout_basic
D:2:      layout_basic
D:3:      layout_loops_corners, lemuel_zombie_altar_yredelemnul, uniq_terence,
          uniq_natasha, uniq_sigmund, uniq_purgy
D:4:      layout_basic, uniq_ijyb
D:5:      layout_loops_ring, grunt_decor_one_mirror, uniq_edmund,
          uniq_eustachio, uniq_pikel
D:6:      minmay_flawed_box, layout_loops_ring, kennysheep_mini_moat,
          serial_shops, nicolae_shop_trees, st_stairs_3

Skill      XL: |  1  2  3  4  5  6  7  8 |
---------------+-------------------------+-----
Axes           | 3 4 5 6 7 |  7.4
Fighting       | 4 5 |  5.8
Shields        | 4 5 |  5.8
Dodging        | |  3.0

Action                   |  1- 3 |  4- 6 |  7- 9 || total
-------------------------+-------+-------+-------++-------
Melee: War axe           |    58 |    83 |   153 ||   294
       Constrict         |    14 |    24 |    31 ||    69
       Tentacles         |     6 |    16 |    33 ||    55
       Unarmed           |       |       |    12 ||    12
Evoke: Wand              |       |       |     3 ||     3
  Use: Potion            |       |     1 |     1 ||     2
       Scroll            |       |       |     1 ||     1
 Stab: Sleeping          |     7 |     7 |     2 ||    16
       Distracted        |       |       |     1 ||     1
Armor: Skin              |     1 |     3 |     6 ||    10
Dodge: Dodged            |    29 |    33 |    89 ||   151
Block: Kite shield       |    18 |    27 |    77 ||   122

Table legend: (Time is in decaauts)
 A = Elapsed time spent in this place.
 B = Non-inter-level travel time spent in this place.
 C = Inter-level travel time spent in this place.
 D = Time resting spent in this place.
 E = Time spent auto-exploring this place.
 F = Levels seen in this place.
 G = Mean time per level.
                   A        B        C        D        E       F      G
               +--------+--------+--------+--------+--------+-----+--------+
         Total |   7415 |   7279 |    136 |   1366 |   4870 |   6 | 1235.8 |
       Dungeon |   7415 |   7279 |    136 |   1366 |   4870 |   6 | 1235.8 |
               +--------+--------+--------+--------+--------+-----+--------+

Top non-repeatable levels by time:
     D:3: 2810 daAuts
     D:4: 2120 daAuts
     D:2: 1322 daAuts
     D:1: 864 daAuts
     D:5: 284 daAuts
     D:6: 13 daAuts
